 Dungeon Sprint DCSS version 0.27-a0-54-g64bdb92e38 (webtiles) character file.

Game seed: 11345653441988669140

5217842 rocky1 the End of an Era (level 22, 254/254 HPs)
             Began as a Demonspawn Fighter on Dec 31, 2020.
             Was the Champion of Qazlal.
             Escaped with the Orb
             ... and 3 runes on Jan 8, 2021!
             The game lasted 01:37:50 (12474 turns).

rocky1 the End of an Era (Demonspawn Fighter)      Turns: 12474, Time: 01:37:50

Health: 254/254    AC: 51    Str: 31    XL:     22   Next: 85%
Magic:  53/53      EV: 24    Int: 19    God:    Qazlal [******]
Gold:   202        SH: 30    Dex: 17    Spells: 45/75 levels left

rFire    + + +     SeeInvis .   Y - +9 demon blade "Wumuxask" {vamp, Str+4 Int+2}
rCold    + + +     Faith    .   v - +2 shield of Resistance {rF++ rC++ Will++}
rNeg     . . .     Spirit   .   w - +12 gold dragon scales
rPois    +         Reflect  .   y - +4 hat
rElec    +         Harm     .   G - +2 cloak
rCorr    .         Rampage  .   (gloves unavailable)
Will     ++++.     NoTele   +   o - +2 pair of boots {run}
Stlth    ..........             N - amulet of Rualer {rElec Regen+ Dex+2 Slay+3}
HPRegen  0.92/turn              F - ring of Gozag's Scorn {rElec rF+ Str+6 Slay+3}
MPRegen  0.33/turn              U - ring "Paicoyla" {*Drain +Inv Str-2 Int+8 Slay+4}

@: repel missiles, quick
A: antennae 2, claws 3, dopey 1, foul stench 2, strong-willed 1, mutation
resistance 1, powered by pain 2, robust 2, electricity resistance, miasma
immunity, sanguine armour 2
0: Orb of Zot
}: 3/3 runes: silver, golden, iron
a: Renounce Religion, Evoke Invisibility, Upheaval, Elemental Force, Disaster
Area


You escaped.
You worshipped Qazlal.
Qazlal was exalted by your worship.
You visited 1 branch You collected 202 gold pieces.

Inventory:

Hand Weapons
 a - the +4 double sword of Xoerydu {vorpal, rF+ Will+ MP+9}
   (You found it in the Dungeon)

   It inflicts extra damage upon your enemies.
   It protects you from fire.
   It affects your willpower, your defense against some magical effects.
   It affects your magic capacity (+9).
 b - a +7 double sword of freezing
 x - the +9 demon whip "Zame" {freeze, rPois rF+ rN+ SInv}
   (You found it in the Dungeon)

   It has been specially enchanted to freeze those struck by it, causing extra
   injury to most foes and up to half again as much damage against particularly
   susceptible opponents.
   It can also slow down cold-blooded creatures.
   It protects you from fire.
   It protects you from poison.
   It protects you from negative energy.
   It lets you see invisible.
 Y - the +9 demon blade "Wumuxask" (weapon) {vamp, Str+4 Int+2}
   (You found it in the Dungeon)

   It inflicts no extra harm, but heals its wielder when it wounds a living foe.
   It affects your strength (+4).
   It affects your intelligence (+2).
Missiles
 V - 7 silver javelins (quivered)
Armour
 o - a +2 pair of boots of running (worn)
 v - the +2 shield of Resistance (worn) {rF++ rC++ Will++}
   (You took it off a nagaraja in the Dungeon)

   It greatly protects you from fire.
   It greatly protects you from cold.
   It affects your willpower, your defense against some magical effects.
 w - +12 gold dragon scales (worn)
 y - a +4 hat (worn)
 G - a +2 cloak (worn)
Magical Staves
 R - an uncursed staff of air
Jewellery
 F - the ring of Gozag's Scorn (left claw) {rElec rF+ Str+6 Slay+3}
   (You took it off Agnes in the Dungeon)

   [ring of strength]

   It affects your strength (+6).
   It affects your accuracy and damage with ranged weapons and melee attacks
   (+3).
   It protects you from fire.
   It insulates you from electricity.
 N - the amulet of Rualer (around neck) {rElec Regen+ Dex+2 Slay+3}
   (You found it in the Dungeon)

   [amulet of regeneration]

   It affects your dexterity (+2).
   It affects your accuracy and damage with ranged weapons and melee attacks
   (+3).
   It insulates you from electricity.
   It increases your rate of regeneration.
 U - the ring "Paicoyla" (right claw) {*Drain +Inv Str-2 Int+8 Slay+4}
   (You found it in the Dungeon)

   [ring of slaying]

   It affects your strength (-2).
   It affects your intelligence (+8).
   It affects your accuracy and damage with ranged weapons and melee attacks
   (+4).
   It lets you turn invisible.
   It causes draining when unequipped.
Scrolls
 l - 8 scrolls of remove curse
 m - 8 scrolls of amnesia
 n - a scroll of summoning
 p - 6 scrolls of identify
 B - 4 scrolls of fear
 D - 2 scrolls of enchant armour
 E - 5 scrolls of fog
Potions
 d - 2 potions of might
 e - 13 potions of curing
 f - 15 potions of heal wounds
 g - 12 potions of haste
 h - 8 potions of magic
 i - 7 potions of berserk rage
 k - 2 potions of invisibility
 r - a potion of flight
 t - 3 potions of resistance
 u - 5 potions of brilliance
Miscellaneous
 j - a condenser vane
 H - a phantom mirror
 I - a phantom mirror
 M - a phantom mirror
 S - a phial of floods


   Skills:
 O Level 27 Fighting
 - Level 16.0 Long Blades
 - Level 9.6(12.0) Maces & Flails
 - Level 11.6(12.9) Staves
 O Level 27 Armour
 O Level 27 Dodging
 O Level 27 Shields
 O Level 27 Spellcasting
 O Level 27 Air Magic
 O Level 27 Earth Magic
 O Level 27 Invocations
 + Level 26.5 Evocations


You had 45 spell levels left.
You knew the following spells:

 Your Spells              Type           Power        Failure   Level
a - Lightning Bolt        Conj/Air       33%          1%          5
b - Tornado               Air            45%          10%         9
c - Passwall              Tmut/Erth      55%          1%          2
d - Lee's Rapid Deconstr  Erth           45%          0%          5
e - Shatter               Erth           45%          10%         9

Your spell library contained the following spells:

 Spells                   Type           Power        Failure   Level
 Sandblast                Erth           100%         0%          1
 Swiftness                Air            91%          0%          2
 Airstrike                Air            45%          0%          4
 Shock                    Conj/Air       100%         1%          1
 Corpse Rot               Necr/Air       N/A          1%          2
 Poisonous Vapours        Pois/Air       100%         1%          2
 Mephitic Cloud           Conj/Pois/Air  56%          1%          3
 Static Discharge         Conj/Air       67%          1%          3
 Stone Arrow              Conj/Erth      100%         1%          3
 Leda's Liquefaction      Hex/Erth       33%          1%          4
 Petrify                  Tmut/Erth      67%          1%          4
 Summon Lightning Spire   Summ/Air       67%          1%          4
 Borgnjor's Vile Clutch   Necr/Erth      33%          1%          5
 Silence                  Hex/Air        33%          1%          5
 Conjure Ball Lightning   Conj/Air       33%          3%          6
 Iron Shot                Conj/Erth      33%          3%          6
 Statue Form              Tmut/Erth      44%          3%          6
 Bolt of Magma            Conj/Fire/Erth 28%          4%          5
 Animate Skeleton         Necr           50%          6%          1
 Apportation              Tloc           50%          6%          1
 Corona                   Hex            27%          6%          1
 Foxfire                  Conj/Fire      100%         6%          1
 Pain                     Necr           100%         6%          1
 Summon Small Mammal      Summ           100%         6%          1
 Call Imp                 Summ           25%          10%         2
 Ensorcelled Hibernation  Hex/Ice        50%          10%         2
 Slow                     Hex            25%          10%         2
 Sublimation of Blood     Necr           12%          10%         2
 Wereblood                Tmut           25%          10%         2
 Call Canine Familiar     Summ           25%          19%         3
 Confusing Touch          Hex            25%          19%         3
 Conjure Flame            Conj/Fire      25%          19%         3
 Dazzling Flash           Conj/Hex       50%          19%         3
 Frozen Ramparts          Ice            50%          19%         3
 Gell's Gravitas          Tloc           12%          19%         3
 Ignite Poison            Fire/Tmut/Pois 25%          19%         3
 Portal Projectile        Hex/Tloc       50%          19%         3
 Summon Guardian Golem    Hex/Summ       25%          19%         3
 Tukima's Dance           Hex            25%          19%         3
 Vampiric Draining        Necr           12%          19%         3
 Freezing Cloud           Conj/Ice/Air   28%          24%         6
 Animate Dead             Necr           12%          54%         4
 Dispel Undead            Necr           25%          54%         4
 Ice Form                 Ice/Tmut       25%          54%         4
 Olgreb's Toxic Radiance  Pois           25%          54%         4
 Sticky Flame             Conj/Fire      25%          54%         4
 Summon Ice Beast         Ice/Summ       25%          54%         4
 Agony                    Necr           25%          87%         5
 Blade Hands              Tmut           12%          87%         5
 Excruciating Wounds      Necr           12%          87%         5
 Fireball                 Conj/Fire      12%          87%         5
 Summon Demon             Summ           12%          87%         5
 Summon Forest            Summ/Tloc      12%          87%         5
 Summon Mana Viper        Hex/Summ       25%          87%         5
 Dispersal                Tloc           12%          100%        6
 Eringya's Noxious Bog    Tmut/Pois      12%          100%        6
 Shadow Creatures         Summ           N/A          100%        6
 Simulacrum               Ice/Necr       12%          100%        6
 Starburst                Conj/Fire      12%          100%        6
 Summon Hydra             Summ           12%          100%        7
 Discord                  Hex            12%          100%        8
 Disjunction              Tloc           12%          100%        8


Dungeon Overview and Level Annotations

Branches:
Dungeon (1/1)

Altars:
Ashenzari
Cheibriados
Dithmenos
Elyvilon
Fedhas
Gozag
Hepliaklqana
Kikubaaqudgha
Makhleb
Nemelex Xobeh
Okawaru
Qazlal
Ru
Sif Muna
Trog
Uskayaw
Vehumet
Wu Jian
Xom
Yredelemnul
Zin
The Shining One
Beogh
Jiyva
Lugonu


Innate Abilities, Weirdness & Mutations

You have claws for hands.
You frequently emit foul miasma when damaged in melee.
You sometimes gain power by taking damage.
You are very robust. (+20% HP)
You are immune to miasma.
When seriously injured, your bleeding wounds create thick armour. (AC +0)
You have a pair of antennae on your head.
You are dopey. (Int -2)
You are strong-willed. (Will+)
You are somewhat resistant to further mutation.
You are resistant to electric shocks. (rElec)


Message History

You block the Hell Sentinel's attack. x2
You barely miss the Hell Sentinel.
The Hell Sentinel is heavily wounded.
You hit the Hell Sentinel but do no damage.
The Hell Sentinel is heavily wounded.
You block the Hell Sentinel's attack. x2
You open the Hell Sentinel like a pillowcase!!!
The Hell Sentinel is almost dead.
You block the Hell Sentinel's attack. x2
You slice the Hell Sentinel!!
You kill the Hell Sentinel!
Qazlal accepts your kill.
There is an open door to the Main Hall (Safe) here.
You open the huge gate.
There is a huge open gate to the Grid Vault (Hard) here.
There is a huge open gate to the Grid Vault (Hard) here.
There is an open door to the Entrance Hall (Safe) here.
There is a staircase leading out of the dungeon here.
You can't go down here!
You have escaped!

##########)##...............(''..
#.)[..)....['................'(.(
#'#####'#####......#..#......##..
#.#.....#.[##................##..
#[#.....#))#####'#####.)#########
#.###'###))##.○§..°.##[.##### ##
#.#.....#.)##...°...##......# #.
#.#.....#..##...§.☼.##.)....# **
#.####)##'###...@°..###..(.## ##
#[#........##..○.°°.# ##))## ###.
#.#........##..○....###....###...
#)###########.......##..[.).#....
#.......#..*##########.[()..'....
#.......#.############......#....
#...#...#.#....#....###.)..###...
#..###..#)#....#.[.[# ##.'## ###.
#...#...#('....'..))###....## ##


There were no monsters in sight!

Vanquished Creatures
  Antaeus (D)
  Dissolution (D)
  Gloorx Vloq (D)
  6 orbs of fire (D)
  Mara (D)
  6 ancient liches (D)
  10 royal mummies (D)
  4 pandemonium lords (D)
  2 Killer Klowns (D)
  the Lernaean hydra (D)
  A curse toe (D)
  Frederick (D)
  Xtahua (D)
  2 golden dragons (D)
  10 bone dragons (D)
  Jory (D)
  7 pearl dragons (D)
  4 Tzitzimimeh (D)
  3 hellephants (D)
  2 electric golems (D)
  4 Brimstone Fiends (D)
  2 tentacled monstrosities (D)
  10 liches (D)
  A quicksilver dragon (D)
  4 Hell Sentinels (D)
  4 Ice Fiends (D)
  7 titans (D)
  26 Orb Guardians (D)
  A deep elf blademaster (D)
  3 deep elf master archers (D)
  Gastronok (D)
  3 sphinxes (D)
  A death cob (D)
  2 storm dragons (D)
  Agnes (D)
  2 nagarajas (D)
  2 shadow dragons (D)
  2 azure jellies (D)
  3 frost giants (D)
  An iron dragon (D)
  A deep elf sorcerer (D)
  3 orc warlords (D)
  2 balrugs (D)
  3 draconian scorchers (D)
  2 fire giants (D)
  Louise (D)
  2 angels (D)
  An emperor scorpion (D)
  4 ghost moths (D)
  2 spriggan defenders (D)
  2 cacodemons (D)
  3 draconian stormcallers (D)
  A war gargoyle (D)
  8 ghouls (D)
  5 stone giants (D)
  3 reapers (D)
  3 apis (D)
  6 vampire knights (D)
  2 ophanim (D)
  3 green draconians (D)
  A minotaur (D)
  2 deep elf demonologists (D)
  4 black draconians (D)
  5 dire elephants (D)
  4 deep elf annihilators (D)
  3 white draconians (D)
  2 red draconians (D)
  A yellow draconian (D)
  3 fire dragons (D)
  An eidolon (D)
  An ettin (D)
  A deep elf death mage (D)
  A yaktaur captain (D)
  4 green deaths (D)
  5 mummy priests (D)
  6 blizzard demons (D)
  A great orb of eyes (D)
  A deep elf high priest (D)
  6 ice dragons (D)
  5 vault guards (D)
  2 naga warriors (D)
  A boulder beetle (D)
  3 anacondas (D)
  10 hydras (D)
  2 death knights (D)
  An alligator (D)
  4 hell hogs (D)
  A dancing weapon (D)
  An iron elemental (D)
  An ogre mage (D)
  A vampire mage (D)
  3 deep elf knights (D)
  Nergalle (D)
  3 sun demons (D)
  A fire crab (D)
  A shadow wraith (D)
  2 sixfirhies (D)
  A death drake (D)
  A salamander mystic (D)
  A shadow demon (D)
  2 sea snakes (D)
  A spriggan druid (D)
  4 cherubim (D)
  5 swamp dragons (D)
  An unseen horror (D)
  A deep troll (D)
  2 wizards (D)
  4 skeletal warriors (D)
  5 lindwurms (D)
  15 orc knights (D)
  A wolf spider (D)
  2 ugly things (D)
  4 deep elf magi (D)
  An orc sorcerer (D)
  A manticore (D)
  A moth of wrath (D)
  A smoke demon (D)
  5 naga magi (D)
  A molten gargoyle (D)
  Psyche (D)
  A black mamba (D)
  2 eyes of devastation (D)
  A cane toad (D)
  A hellion (D)
  A demonic crawler (D)
  5 rime drakes (D)
  4 yaktaurs (D)
  2 freezing wraiths (D)
  A tormentor (D)
  An efreet (D)
  7 komodo dragons (D)
  4 guardian mummies (D)
  2 ice devils (D)
  2 hellwings (D)
  2 red devils (D)
  A jumping spider (D)
  A troll (D)
  A wandering mushroom (D)
  A polar bear (D)
  A tyrant leech (D)
  3 hornets (D)
  A wind drake (shapeshifter) (D)
  2 large abominations (D)
  An air elemental (D)
  A vampire (D)
  A flying skull (D)
  A redback (D)
  4 wyverns (D)
  A tarantella (D)
  2 water elementals (D)
  4 spriggans (D)
  A wraith (D)
  4 golden eyes (D)
  10 steam dragons (D)
  3 chaos spawn (D)
  4 acid dragons (D)
  5 nagas (D)
  A soldier ant (shapeshifter) (D)
  4 floating eyes (D)
  6 orc warriors (D)
  2 swamp drakes (D)
  2 phantoms (D)
  A necrophage (D)
  An ogre (D)
  3 eyes of draining (D)
  A wolf (D)
  3 centaurs (D)
  An earth elemental (D)
  A crimson imp (D)
  2 gnoll shamans (D)
  5 orc wizards (D)
  4 orc priests (D)
  2 iron imps (D)
  A hell rat (D)
  A worker ant (D)
  A mummy (D)
  11 gnolls (D)
  An ufetubus (D)
  3 adder zombies (D)
  3 adder skeletons (D)
  A worm (D)
  4 adder simulacra (D)
  11 orcs (D)
  3 bat simulacra (D)
  2 bat skeletons (D)
  4 bat zombies (D)
  A hobgoblin (D)
  2 kobolds (D)
  A ball python simulacrum (D)
  A ball python skeleton (D)
  2 frilled lizards (D)
  3 giant cockroach simulacra (D)
  3 giant cockroach zombies (D)
  A jackal simulacrum (D)
  A jackal skeleton (D)
  A quokka simulacrum (D)
  2 quokka skeletons (D)
  2 quokka zombies (D)
  A rat (D)
  3 fire vortices (D)
556 creatures vanquished.

Vanquished Creatures (others)
  Boris (D)
  A vampire (D)
  A water elemental (D)
  A hobgoblin (D)
4 creatures vanquished.

Grand Total: 560 creatures vanquished

Notes
Turn   | Place    | Note
-------+----------+-------------------------------------------
     0 | D        | rocky1 the Demonspawn Fighter began the quest for the Orb.
     0 | D        | Reached XP level 1. HP: 18/18 MP: 1/1
    11 | D        | Noticed a worker ant
    14 | D        | Killed a worker ant
    15 | D        | Gained mutation: When seriously injured, your bleeding
                  | wounds create armour. (AC +0) [demonic ancestry]
    15 | D        | Reached XP level 2. HP: 18/24 MP: 2/2
    88 | D        | Found a bloodstained altar of Trog.
    88 | D        | Found a shimmering blue altar of Sif Muna.
    88 | D        | Found a viscous altar of Jiyva.
    88 | D        | Found a hazy altar of Hepliaklqana.
    88 | D        | Found an opulent altar of Gozag.
   111 | D        | Found a glowing golden altar of the Shining One.
   111 | D        | Found a glowing silver altar of Zin.
   111 | D        | Found a basalt altar of Yredelemnul.
   111 | D        | Found a shimmering altar of Xom.
   111 | D        | Found an ornate altar of the Wu Jian Council.
   111 | D        | Found a sacrificial altar of Ru.
   111 | D        | Found a stormy altar of Qazlal.
   111 | D        | Found an iron altar of Okawaru.
   111 | D        | Found a sparkling altar of Nemelex Xobeh.
   111 | D        | Found a burning altar of Makhleb.
   111 | D        | Found a blossoming altar of Fedhas.
   111 | D        | Found a white marble altar of Elyvilon.
   111 | D        | Found a shadowy altar of Dithmenos.
   111 | D        | Found a snail-covered altar of Cheibriados.
   114 | D        | Found a corrupted altar of Lugonu.
   114 | D        | Found a radiant altar of Vehumet.
   114 | D        | Found a roughly hewn altar of Beogh.
   115 | D        | Found an ancient bone altar of Kikubaaqudgha.
   115 | D        | Found a hide-covered altar of Uskayaw.
   115 | D        | Found a broken altar of Ashenzari.
   118 | D        | Became a worshipper of Qazlal Stormbringer
   132 | D        | Noticed a floating eye
   137 | D        | Paralysed by a floating eye for 2 turns
   143 | D        | Paralysed by a floating eye for 2 turns
   146 | D        | Paralysed by a floating eye for 4 turns
   150 | D        | Killed a floating eye
   151 | D        | Reached skill level 5 in Long Blades
   151 | D        | Reached skill level 5 in Invocations
   151 | D        | Gained mutation: You sometimes gain a little power by
                  | taking damage. [demonic ancestry]
   151 | D        | Reached XP level 3. HP: 27/29 MP: 2/7
   151 | D        | Reached XP level 4. HP: 33/35 MP: 2/8
   315 | D        | Reached * piety under Qazlal
   434 | D        | Reached ** piety under Qazlal
   437 | D        | Noticed a phantom
   495 | D        | Killed a phantom
   496 | D        | Gained mutation: You are immune to miasma. [demonic
                  | ancestry]
   496 | D        | Reached XP level 5. HP: 9/41 MP: 8/10
   832 | D        | Reached *** piety under Qazlal
   832 | D        | Noticed a wolf
   833 | D        | Gained mutation: You may emit foul miasma when damaged in
                  | melee. [demonic ancestry]
   833 | D        | Reached XP level 6. HP: 47/47 MP: 6/12
   860 | D        | Reached **** piety under Qazlal
   948 | D        | Reached skill level 10 in Invocations
   948 | D        | Reached XP level 7. HP: 52/52 MP: 9/14
  1114 | D        | Noticed an orc knight
  1124 | D        | Killed an orc knight
  1295 | D        | Reached ***** piety under Qazlal
  1296 | D        | Reached XP level 8. HP: 58/58 MP: 17/17
  1303 | D        | Reached skill level 10 in Shields
  1309 | D        | Reached skill level 10 in Long Blades
  1374 | D        | Noticed a polar bear
  1388 | D        | Killed a polar bear
  1522 | D        | Noticed an orc knight
  1522 | D        | Noticed a manticore
  1524 | D        | Reached skill level 1 in Dodging
  1524 | D        | Killed a manticore
  1525 | D        | Gained mutation: You sometimes gain power by taking damage.
                  | [demonic ancestry]
  1525 | D        | Reached XP level 9. HP: 65/65 MP: 10/19
  1528 | D        | Noticed a hellwing
  1563 | D        | Killed an orc knight
  1564 | D        | Reached skill level 5 in Fighting
  1566 | D        | Reached ****** piety under Qazlal
  1575 | D        | Killed a hellwing
  1576 | D        | Reached skill level 5 in Armour
  1706 | D        | Noticed a molten gargoyle
  1706 | D        | Noticed a rime drake
  1709 | D        | Killed a molten gargoyle
  1713 | D        | Killed a rime drake
  1720 | D        | Noticed an ice devil
  1722 | D        | Killed an ice devil
  1794 | D        | Noticed a freezing wraith
  1809 | D        | Killed a freezing wraith
  1810 | D        | Reached XP level 10. HP: 31/77 MP: 16/21
  1832 | D        | Reached skill level 5 in Dodging
  1832 | D        | Reached skill level 15 in Invocations
  2032 | D        | Noticed a sea snake
  2039 | D        | Killed a sea snake
  2047 | D        | Noticed an anaconda
  2053 | D        | Noticed a boulder beetle
  2061 | D        | Killed an anaconda
  2225 | D        | Noticed a salamander mystic
  2229 | D        | Killed a boulder beetle
  2241 | D        | Killed a salamander mystic
  2275 | D        | Noticed a naga mage
  2281 | D        | Killed a naga mage
  2350 | D        | Noticed a spriggan rider
  2351 | D        | Reached XP level 11. HP: 15/87 MP: 19/23
  2352 | D        | Noticed an orc sorcerer
  2359 | D        | Killed an orc sorcerer
  2362 | D        | Killed a shadow wraith
  2662 | D        | Noticed a sixfirhy
  2673 | D        | Killed a sixfirhy
  2705 | D        | Noticed Gastronok
  2727 | D        | Killed Gastronok
  2728 | D        | Reached skill level 10 in Fighting
  3136 | D        | Got the +4 double sword of Xoerydu {vorpal, rF+ Will+ MP+9}
  3277 | D        | Noticed a wizard
  3289 | D        | Killed a wizard
  3299 | D        | Killed an unseen horror
  3369 | D        | Noticed a spriggan rider
  3459 | D        | Noticed a sun demon
  3465 | D        | Killed a sun demon
  3556 | D        | Gained mutation: You have sharp fingernails. [demonic
                  | ancestry]
  3556 | D        | Reached XP level 12. HP: 78/99 MP: 24/24
  3892 | D        | Noticed an orc warlord
  3892 | D        | Noticed a hell hog
  3892 | D        | Noticed a hell hog
  3892 | D        | Noticed a hell hog
  3892 | D        | Noticed a hell hog
  3892 | D        | Noticed a yaktaur captain
  3900 | D        | Reached skill level 10 in Armour
  3901 | D        | Killed a hell hog
  3902 | D        | Killed a hell hog
  3903 | D        | Killed a hell hog
  3909 | D        | Killed an orc warlord
  3910 | D        | Reached skill level 10 in Dodging
  3928 | D        | Killed a hell hog
  4008 | D        | Noticed a vault guard
  4013 | D        | Killed a vault guard
  4027 | D        | Noticed a naga warrior
  4047 | D        | Killed a naga warrior
  4255 | D        | Noticed an orc warlord
  4261 | D        | Killed an orc warlord
  4287 | D        | Killed a yaktaur captain
  4288 | D        | Gained mutation: When seriously injured, your bleeding
                  | wounds create thick armour. (AC +0) [demonic ancestry]
  4288 | D        | Reached XP level 13. HP: 87/109 MP: 17/26
  4321 | D        | Reached skill level 15 in Long Blades
  4322 | D        | Reached skill level 15 in Shields
  5099 | D        | Got the +0 pair of boots of Tenacity {Int+3}
  5132 | D        | Identified a +1 pair of boots of running (You found it in
                  | the Dungeon)
  5272 | D        | Noticed a deep elf annihilator
  5273 | D        | Identified the +5 hunting sling of Excruciating Pain
                  | {venom, *Drain rElec rPois Dex+4}
  5297 | D        | Killed a deep elf annihilator
  5465 | D        | Learned a level 5 spell: Lightning Bolt
  5527 | D        | Noticed a minotaur
  5532 | D        | Identified the ring of Gozag's Scorn {rElec rF+ Str+6
                  | Slay+3}
  5532 | D        | Noticed Agnes
  5537 | D        | Killed a ghost moth
  5548 | D        | Killed a minotaur
  5575 | D        | Killed Agnes
  5595 | D        | Noticed a stone giant
  5600 | D        | Killed a stone giant
  5620 | D        | Gained mutation: You frequently emit foul miasma when
                  | damaged in melee. [demonic ancestry]
  5620 | D        | Reached XP level 14. HP: 57/121 MP: 20/28
  5620 | D        | Noticed Psyche
  5624 | D        | Killed Psyche
  5870 | D        | Upgraded the game from 0.26-a0-1213-gd52f5182fe to
                  | 0.27-a0-54-g64bdb92e38
  6082 | D        | Noticed a sphinx
  6086 | D        | Killed a sphinx
  6086 | D        | Noticed a deep elf sorcerer
  6091 | D        | Noticed Boris
  6091 | D        | Noticed a yellow draconian stormcaller
  6092 | D        | Killed a yellow draconian stormcaller
  6093 | D        | Reached skill level 15 in Fighting
  6095 | D        | Killed a deep elf sorcerer
  6100 | D        | Noticed a sphinx
  6101 | D        | Killed Boris
  6103 | D        | Killed a sphinx
  6212 | D        | Noticed a purple draconian stormcaller
  6212 | D        | Noticed an emperor scorpion
  6219 | D        | Killed a purple draconian stormcaller
  6220 | D        | Reached skill level 15 in Armour
  6229 | D        | Killed an emperor scorpion
  6234 | D        | Noticed a lich
  6246 | D        | Killed a lich
  6247 | D        | Reached skill level 15 in Dodging
  6455 | D        | Got Dadwaus's Compendium of Ensnaring Clay
  6458 | D        | Got the Reference Book on Excruciating Transmigration
  6470 | D        | Got the Guide on the Escort and Clay
  6474 | D        | Got Sif Muna's Reference Book on Ignition
  6479 | D        | Got the Guide on Frigorific Air
  6489 | D        | Got the Handbook of Igneous Weightlessness
  6493 | D        | Got the Grimoire of Earth and the Birds
  6539 | D        | Got the ring of the Marlin {Will+ Str+3}
  6541 | D        | Got the ring "Gucsiol" {rElec Str+6}
  6543 | D        | Got the ring of the Two Names {+Blink rC- rN+ EV+6 Dex+7}
  6550 | D        | Got the ring of Wu Jian's Delight {rPois rN+ Will- SInv}
  6552 | D        | Got the ring of Lonol Sady {Str+6 Dex+3}
  6554 | D        | Got the ring of Suvir {Fire rPois rN+ Str+2}
  6558 | D        | Got the ring "Gokeecemic" {rElec rC+}
  6560 | D        | Got the ring "Cic Serue" {Str+3 SInv}
  6562 | D        | Got the ring of Beauty {+Blink AC+6 Dex+2 Stlth+}
  6564 | D        | Got the ring "Iley" {rC+ Int+7}
  6566 | D        | Got the ring of Ucatso {rN+ Will+ SInv}
  6585 | D        | Got the ring of Fedhas's Grace {Fire Will+ Str+4}
  6587 | D        | Got the amulet of Rupledd {Faith *Contam rC+ Int+9 SInv}
  6626 | D        | Got the ring of the Purple Skies {Int-3 Dex+4 Stlth+}
  6628 | D        | Got the ring "Ohuafute" {rF+ Will++ Int-4 Dex+5}
  6630 | D        | Got the ring "Goaviwo" {Ice *Corrode +Inv Str+9 Dex+7}
  6632 | D        | Got the amulet of Rualer {rElec Regen+ Dex+2 Slay+3}
  6634 | D        | Got the amulet "Esievia" {RegenMP Dex+3}
  6637 | D        | Got the amulet "Qouth" {rPois Regen+ Str+3 Dex+3 Stlth-}
  6639 | D        | Got the amulet of Diuxoud {Faith SInv}
  6641 | D        | Got the ring of Lady Luck {Fire +Fly rElec Dex+7}
  6643 | D        | Got the amulet of Mysogiosh {RegenMP rF+}
  6645 | D        | Got the ring of Gydghote {+Fly rC+ Str+4 Dex-3 Stlth+}
  6647 | D        | Got the amulet "Murphana" {Reflect *Contam +Blink rF+++
                  | Str-3 SH+5}
  6803 | D        | Reached XP level 15. HP: 129/133 MP: 30/30
  6803 | D        | Noticed a ghost moth
  6809 | D        | Noticed Nergalle
  6812 | D        | Noticed a death cob
  6815 | D        | Noticed a nagaraja
  6819 | D        | Noticed a ghost moth
  6826 | D        | Killed a ghost moth
  6828 | D        | Killed a ghost moth
  6828 | D        | Killed Nergalle
  6828 | D        | Killed a nagaraja
  6830 | D        | Killed a death cob
  6999 | D        | Noticed a nagaraja
  7011 | D        | Killed a nagaraja
  7021 | D        | Noticed a yellow draconian scorcher
  7038 | D        | Killed a yellow draconian scorcher
  7049 | D        | Paralysed by a floating eye for 2 turns
  7051 | D        | Noticed a royal mummy
  7068 | D        | Killed a royal mummy
  7476 | D        | Found the +7 great mace "Firestarter" {inner flame, rF++}
  7613 | D        | Noticed a golden dragon
  7614 | D        | Found the amulet of the Four Winds {rN+ Will+++ Clar}
  7615 | D        | Killed a golden dragon
  7616 | D        | Reached XP level 16. HP: 148/148 MP: 33/33
  7672 | D        | Got a silver rune of Zot
  7721 | D        | Got the Catalogue of Cold and Battle Magic
  7901 | D        | Noticed an orb of fire
  7921 | D        | Killed an orb of fire
  7922 | D        | Reached skill level 27 in Invocations
  7933 | D        | Gained mutation: You tend to lose your temper in combat. [a
                  | cacodemon]
  7945 | D        | Noticed a Tzitzimitl
  7957 | D        | Killed a Tzitzimitl
  8103 | D        | Noticed a titan
  8112 | D        | Killed a titan
  8164 | D        | Lost mutation: You tend to lose your temper in combat.
                  | [potion of mutation]
  8164 | D        | Gained mutation: You have a pair of small antennae on your
                  | head. [potion of mutation]
  8164 | D        | Gained mutation: Your mind is acute. (Int +2) [potion of
                  | mutation]
  8164 | D        | Gained mutation: Your magical capacity is low. (-10% MP)
                  | [potion of mutation]
  8164 | D        | Gained mutation: Your system is resistant to poisons.
                  | (rPois) [potion of mutation]
  8165 | D        | Lost mutation: Your mind is acute. (Int +2) [potion of
                  | mutation]
  8165 | D        | Lost mutation: Your magical capacity is low. (-10% MP)
                  | [potion of mutation]
  8165 | D        | Gained mutation: Potions are less effective at restoring
                  | your health. [potion of mutation]
  8165 | D        | Gained mutation: Your muscles are strong. (Str +2) [potion
                  | of mutation]
  8166 | D        | Lost mutation: Your muscles are strong. (Str +2) [potion of
                  | mutation]
  8166 | D        | Lost mutation: Potions are less effective at restoring your
                  | health. [potion of mutation]
  8166 | D        | Gained mutation: You are resistant to electric shocks.
                  | (rElec) [potion of mutation]
  8166 | D        | Gained mutation: Your body sometimes deteriorates upon
                  | taking damage. [potion of mutation]
  8166 | D        | Gained mutation: Your spells are a little harder to cast,
                  | but a little more powerful. [potion of mutation]
  8167 | D        | Lost mutation: Your spells are a little harder to cast, but
                  | a little more powerful. [potion of mutation]
  8167 | D        | Lost mutation: Your body sometimes deteriorates upon taking
                  | damage. [potion of mutation]
  8167 | D        | Gained mutation: Your muscles are strong. (Str +2) [potion
                  | of mutation]
  8167 | D        | Gained mutation: You are dopey. (Int -2) [potion of
                  | mutation]
  8167 | D        | Gained mutation: You expend magic power (3 MP) to
                  | strengthen your wands. [potion of mutation]
  8169 | D        | Noticed a bone dragon
  8169 | D        | Noticed a deep elf master archer
  8169 | D        | Noticed a pearl dragon
  8169 | D        | Noticed a pearl dragon
  8169 | D        | Noticed a shadow dragon
  8169 | D        | Noticed Dissolution
  8183 | D        | Killed Dissolution
  8184 | D        | Gained mutation: You have very sharp fingernails. [demonic
                  | ancestry]
  8184 | D        | Reached XP level 17. HP: 105/160 MP: 34/34
  8188 | D        | Killed a pearl dragon
  8196 | D        | Killed a deep elf master archer
  8210 | D        | Killed a bone dragon
  8216 | D        | Killed a pearl dragon
  8345 | D        | Learned a level 9 spell: Tornado
  8347 | D        | Noticed a pearl dragon
  8357 | D        | Killed a pearl dragon
  8371 | D        | Noticed a Brimstone Fiend
  8377 | D        | Killed a Brimstone Fiend
  8387 | D        | Noticed a titan
  8395 | D        | Killed a titan
  8444 | D        | Noticed a lich
  8444 | D        | Noticed a royal mummy
  8444 | D        | Identified the +3 war axe of Departure {freeze, rC+ Int+3
                  | Stlth+}
  8444 | D        | Noticed a lich
  8444 | D        | Noticed a bone dragon
  8445 | D        | Noticed a bone dragon
  8445 | D        | Killed a royal mummy
  8445 | D        | Killed a lich
  8445 | D        | Killed a lich
  8445 | D        | Killed a bone dragon
  8445 | D        | Killed a lich
  8445 | D        | Killed a bone dragon
  8445 | D        | Killed a royal mummy
  8445 | D        | Killed a royal mummy
  8449 | D        | Noticed a bone dragon
  8452 | D        | Noticed a bone dragon
  8452 | D        | Noticed an ancient lich
  8452 | D        | Noticed a royal mummy
  8452 | D        | Identified the +9 shortbow of the Dungeon {venom, rF++
                  | Will+ Int-4 Dex+4}
  8452 | D        | Noticed a lich
  8452 | D        | Noticed a lich
  8453 | D        | Noticed an ancient lich
  8453 | D        | Killed a lich
  8453 | D        | Killed a lich
  8453 | D        | Killed an ancient lich
  8453 | D        | Noticed a lich
  8453 | D        | Noticed an ancient lich
  8454 | D        | Gained mutation: You are robust. (+10% HP) [demonic
                  | ancestry]
  8454 | D        | Reached XP level 18. HP: 32/192 MP: 35/35
  8454 | D        | Killed an ancient lich
  8454 | D        | Killed a lich
  8454 | D        | Killed a royal mummy
  8454 | D        | Killed a bone dragon
  8454 | D        | HP: 9/192 [bone dragon (11)]
  8455 | D        | Noticed a bone dragon
  8455 | D        | Noticed a bone dragon
  8455 | D        | Noticed an Ice Fiend
  8467 | D        | Killed a bone dragon
  8477 | D        | Identified the cursed +1 shadow dragon scales "Oheug"
                  | {Slay+3 Stlth++++}
  8478 | D        | Killed a bone dragon
  8479 | D        | Noticed a bone dragon
  8492 | D        | Killed a bone dragon
  8502 | D        | Killed a bone dragon
  8513 | D        | Noticed a bone dragon
  8520 | D        | Killed a bone dragon
  8523 | D        | Noticed a royal mummy
  8529 | D        | Killed a bone dragon
  8542 | D        | Killed a royal mummy
  8736 | D        | Killed an ancient lich
  8936 | D        | Got the ring of Mumiunn {+Inv rElec rCorr Int-4 SInv}
  8940 | D        | Got a golden rune of Zot
  8980 | D        | Got the Disquisition on Moulding and Poisoning
  9001 | D        | Identified a +0 pair of boots of running (You found it in
                  | the Dungeon)
  9114 | D        | Reached skill level 1 in Staves
  9120 | D        | Gained mutation: You are very robust. (+20% HP) [demonic
                  | ancestry]
  9120 | D        | Reached XP level 19. HP: 191/223 MP: 37/37
  9128 | D        | Noticed an ancient lich
  9137 | D        | Killed an ancient lich
  9138 | D        | Reached skill level 15 in Spellcasting
  9138 | D        | Reached skill level 15 in Air Magic
  9140 | D        | Noticed a Tzitzimitl
  9142 | D        | Killed a Tzitzimitl
  9151 | D        | Noticed a Killer Klown
  9193 | D        | Noticed a hellephant
  9228 | D        | Killed a Killer Klown
  9244 | D        | Killed a hellephant
  9278 | D        | Noticed Jyoxul the pandemonium lord
  9287 | D        | Killed Jyoxul the pandemonium lord
  9302 | D        | Noticed a lich
  9305 | D        | Noticed a royal mummy
  9307 | D        | Noticed a lich
  9311 | D        | Killed a lich
  9312 | D        | Reached skill level 27 in Fighting
  9315 | D        | Killed a lich
  9316 | D        | Killed a royal mummy
  9317 | D        | Reached skill level 10 in Staves
  9523 | D        | Got the ring of the Invisible Hand {rCorr Str+3 Dex+5}
  9525 | D        | Got the ring "Paicoyla" {*Drain +Inv Str-2 Int+8 Slay+4}
  9527 | D        | Got the ring "Goerynov" {+Fly rC+ rN+ Int+5 Dex-2}
  9559 | D        | Got the ring "Nagaem" {rPois rF+ rN+ Str+6 Dex+2}
  9561 | D        | Got the amulet "Fihus" {Reflect Int+2 SH+5 Stlth+}
  9563 | D        | Got the ring of Tiskeaxe {+Blink rN+ Str-4 Dex-2 Slay+3}
  9610 | D        | Got the +9 demon whip "Zame" {freeze, rPois rF+ rN+ SInv}
  9709 | D        | Reached skill level 1 in Maces & Flails
  9792 | D        | Noticed a Brimstone Fiend
  9798 | D        | Killed a Brimstone Fiend
  9836 | D        | Noticed a hellephant
  9839 | D        | Noticed an electric golem
  9844 | D        | Killed an electric golem
  9867 | D        | Killed a hellephant
  9886 | D        | Reached skill level 5 in Maces & Flails
  9912 | D        | Reached skill level 27 in Shields
  9912 | D        | Gained mutation: You have claws for hands. [demonic
                  | ancestry]
  9912 | D        | Reached XP level 20. HP: 220/236 MP: 42/42
  9945 | D        | Noticed Antaeus
  9986 | D        | Killed Antaeus
 10054 | D        | Noticed Mara
 10065 | D        | Noticed rocky1's illusion
 10068 | D        | Killed Mara
 10086 | D        | Noticed an orb of fire
 10090 | D        | Gained mutation: Armour fits poorly on your strangely
                  | shaped body. [an orb of fire]
 10099 | D        | Gained mutation: You are clumsy. (Dex -2) [an orb of fire]
 10100 | D        | Lost mutation: You are clumsy. (Dex -2) [an orb of fire]
 10104 | D        | Killed an orb of fire
 10105 | D        | Reached skill level 27 in Armour
 10105 | D        | Reached skill level 27 in Dodging
 10118 | D        | Noticed an ancient lich
 10129 | D        | Noticed an orb of fire
 10131 | D        | Killed an ancient lich
 10139 | D        | Noticed Gloorx Vloq
 10154 | D        | Noticed a royal mummy
 10162 | D        | Lost mutation: Your muscles are strong. (Str +2) [an orb of
                  | fire]
 10166 | D        | Killed an orb of fire
 10191 | D        | Killed a royal mummy
 10192 | D        | Noticed a curse toe
 10196 | D        | Killed Gloorx Vloq
 10199 | D        | Killed a curse toe
 10201 | D        | Noticed a royal mummy
 10212 | D        | Killed a royal mummy
 10213 | D        | Noticed a royal mummy
 10215 | D        | Reached XP level 21. HP: 65/244 MP: 49/49
 10228 | D        | Killed a royal mummy
 10665 | D        | Noticed Tuskuv the pandemonium lord
 10691 | D        | Killed Tuskuv the pandemonium lord
 10717 | D        | Got the ring "Ynier" {rF- rC+ MP+9 EV+4 Slay+2}
 10721 | D        | Got an iron rune of Zot
 10724 | D        | Got the ring of the Gloaming {rC- MP+9 Int+7 Stlth+}
 10729 | D        | Got the ring "Cielaism" {+Fly rC- Str+9 Stlth-}
 10731 | D        | Got the amulet of Dueqaos {Reflect *Contam rC+ Str+2 SH+5}
 10735 | D        | Got the ring "Tussas" {rN+ Will+}
 10748 | D        | Got the +9 demon blade "Wumuxask" {vamp, Str+4 Int+2}
 10752 | D        | Got the amulet of Pautieh {Reflect rF+ SH+5}
 10762 | D        | Got the amulet "Dyesorph" {Reflect Str+7 SH+5}
 10820 | D        | Learned a level 2 spell: Passwall
 10826 | D        | Learned a level 5 spell: Lee's Rapid Deconstruction
 10946 | D        | Reached skill level 1 in Earth Magic
 11009 | D        | Noticed a Killer Klown
 11015 | D        | Reached skill level 5 in Earth Magic
 11015 | D        | Noticed the 27-headed Lernaean hydra
 11018 | D        | Noticed Jory
 11025 | D        | Killed the 26-headed Lernaean hydra
 11026 | D        | Reached skill level 10 in Earth Magic
 11053 | D        | Killed a Killer Klown
 11060 | D        | Killed Jory
 11061 | D        | Reached skill level 27 in Spellcasting
 11061 | D        | Reached skill level 27 in Air Magic
 11263 | D        | Reached skill level 15 in Earth Magic
 11268 | D        | Noticed Louise
 11270 | D        | Noticed Upumpeaxt the pandemonium lord
 11275 | D        | Noticed an orb of fire
 11278 | D        | Noticed Kutuhig the pandemonium lord
 11280 | D        | Noticed a golden dragon
 11282 | D        | Killed Louise
 11287 | D        | Killed Kutuhig the pandemonium lord
 11288 | D        | Gained mutation: You tend to lose your temper in combat.
                  | [an orb of fire]
 11293 | D        | Gained mutation: You are clumsy. (Dex -2) [an orb of fire]
 11294 | D        | Killed an orb of fire
 11297 | D        | Killed a golden dragon
 11306 | D        | Killed Upumpeaxt the pandemonium lord
 11307 | D        | Reached XP level 22. HP: 58/254 MP: 20/53
 11594 | D        | Lost mutation: Your system is resistant to poisons. (rPois)
                  | [potion of mutation]
 11594 | D        | Lost mutation: Armour fits poorly on your strangely shaped
                  | body. [potion of mutation]
 11594 | D        | Lost mutation: You tend to lose your temper in combat.
                  | [potion of mutation]
 11595 | D        | Lost mutation: You are dopey. (Int -2) [potion of mutation]
 11595 | D        | Lost mutation: You expend magic power (3 MP) to strengthen
                  | your wands. [potion of mutation]
 11595 | D        | Gained mutation: Armour fits poorly on your strangely
                  | shaped body. [potion of mutation]
 11595 | D        | Lost mutation: Armour fits poorly on your strangely shaped
                  | body. [potion of mutation]
 11595 | D        | Lost mutation: You are clumsy. (Dex -2) [potion of
                  | mutation]
 11595 | D        | Gained mutation: You are strong-willed. (Will+) [potion of
                  | mutation]
 11728 | D        | Learned a level 9 spell: Shatter
 11870 | D        | Noticed an ancient lich
 11870 | D        | Noticed Frederick
 11904 | D        | Killed an ancient lich
 11904 | D        | Killed Frederick
 12219 | D        | Reached skill level 27 in Earth Magic
 12234 | D        | Noticed an orb of fire
 12238 | D        | Noticed an orb of fire
 12239 | D        | Gained mutation: You are weak. (Str -2) [an orb of fire]
 12240 | D        | Killed an orb of fire
 12240 | D        | Gained mutation: Your spells are a little easier to cast,
                  | but a little less powerful. [an orb of fire]
 12241 | D        | Gained mutation: You are dopey. (Int -2) [an orb of fire]
 12243 | D        | Killed an orb of fire
 12248 | D        | Noticed Xtahua
 12253 | D        | Lost mutation: You are dopey. (Int -2) [potion of mutation]
 12253 | D        | Lost mutation: Your spells are a little easier to cast, but
                  | a little less powerful. [potion of mutation]
 12253 | D        | Lost mutation: You are weak. (Str -2) [potion of mutation]
 12253 | D        | Gained mutation: You occasionally shout uncontrollably at
                  | your foes. [potion of mutation]
 12253 | D        | Gained mutation: Your muscles are strong. (Str +2) [potion
                  | of mutation]
 12253 | D        | Gained mutation: You have a pair of antennae on your head.
                  | [potion of mutation]
 12268 | D        | Killed Xtahua
 12332 | D        | Lost mutation: You are resistant to electric shocks.
                  | (rElec) [potion of mutation]
 12332 | D        | Lost mutation: You occasionally shout uncontrollably at
                  | your foes. [potion of mutation]
 12332 | D        | Lost mutation: Your muscles are strong. (Str +2) [potion of
                  | mutation]
 12332 | D        | Gained mutation: You are resistant to electric shocks.
                  | (rElec) [potion of mutation]
 12332 | D        | Gained mutation: You are dopey. (Int -2) [potion of
                  | mutation]
 12332 | D        | Gained mutation: You are somewhat resistant to further
                  | mutation. [potion of mutation]
 12335 | D        | Got the Orb of Zot
 12474 | D        | Escaped with the Orb!

Illustrated notes

Levels and vault maps discovered:
D:        pitsprint [storerooms_1, entrance_room_1, metal_vault_2, armoury_3,
          mini_pit_1, grid_room_1, main_hall_1, silver_pit, the_coven_3,
          the_vestibule_1, steel_vault_3, golden_pit, hallway_of_sentries,
          crystal_vault_3, iron_vault_4, final_vault]

Skill      XL: |  1  2  3  4  5  6  7  8  9 10 11 12 13 14 15 16 17 18 19 20 21 22 |
---------------+-------------------------------------------------------------------+-----
Long Blades    | 3 5 6 7 8 9 11 12 13 14 16 | 16.0
Shields        | 4 6 7 8 9 11 12 13 14 16 18 20 21 24 25 27 | 27.0
Invocations    | 5 7 8 10 12 14 16 17 19 21 23 26 27 | 27.0
Armour         | 4 5 7 9 11 13 15 18 20 22 24 25 27 | 27.0
Dodging        | 2 4 7 9 11 13 15 18 20 22 24 25 27 | 27.0
Fighting       | 4 6 8 10 12 14 16 20 21 24 25 27 | 27.0
Spellcasting   | 11 14 18 24 27 | 27.0
Air Magic      | 11 14 18 24 27 | 27.0
Staves         | 2 11 | 11.6
Maces & Flails | 5 9 |  9.6
Earth Magic    | 23 27 | 27.0
Evocations     | 26 | 26.5

Action                   |  1- 3 |  4- 6 |  7- 9 | 10-12 | 13-15 | 16-18 | 19-21 | 22-24 || total
-------------------------+-------+-------+-------+-------+-------+-------+-------+-------++-------
Melee: Long sword        |    11 |    66 |    90 |    92 |       |       |       |       ||   259
       Double sword      |       |       |       |    84 |   354 |   299 |   509 |    22 ||  1268
       Demon blade       |       |       |       |       |       |       |       |   127 ||   127
       Demon whip        |       |       |       |       |       |       |       |    36 ||    36
 Cast: Tornado           |       |       |       |       |       |       |     3 |     1 ||     4
       Shatter           |       |       |       |       |       |       |       |     1 ||     1
       Lee's Rapid Decon |       |       |       |       |       |       |       |     1 ||     1
Invok: Upheaval          |       |     3 |    12 |    50 |    13 |     4 |     9 |     6 ||    97
       Disaster Area     |       |       |       |     2 |     6 |     3 |     8 |     3 ||    22
  Use: Potion            |       |       |       |     3 |     4 |     7 |    12 |     6 ||    32
       Scroll            |       |       |       |     1 |     1 |     4 |     6 |       ||    12
Armor: Scale mail        |     4 |     8 |     5 |       |       |       |       |       ||    17
       Chain mail        |       |       |     5 |    49 |    32 |       |       |       ||    86
       Gold dragon scale |       |       |       |       |    54 |    90 |   118 |    49 ||   311
Dodge: Dodged            |     1 |    13 |    14 |    23 |    66 |   101 |   179 |    63 ||   460
       Repelled          |       |       |       |     3 |     1 |     1 |    13 |     4 ||    22
Block: Kite shield       |     1 |    32 |    72 |   139 |   145 |   291 |   526 |   186 ||  1392
       Tower shield      |       |       |       |       |   155 |       |       |       ||   155
       Rpst.: Long sword |     1 |     2 |     3 |     3 |       |       |       |       ||     9
       Double sword      |       |       |       |     5 |     4 |     7 |    22 |       ||    38
       Demon blade       |       |       |       |       |       |       |       |     7 ||     7

Table legend: (Time is in decaauts) A = Elapsed time spent in this place. B = Non-inter-level travel time spent in this place. C = Inter-level travel time spent in this place. D = Time resting spent in this place. E = Time spent auto-exploring this place. F = Levels seen in this place. G = Mean time per level. A B C D E F G +--------+--------+--------+--------+--------+-----+--------+ Total | 11817 | 11503 | 314 | 6187 | 3 | 1 | 11817.0 | Dungeon | 11817 | 11503 | 314 | 6187 | 3 | 1 | 11817.0 | +--------+--------+--------+--------+--------+-----+--------+

Top non-repeatable levels by time:
       D: 11817 daAuts
